 Dungeon Sprint DCSS version 0.31-a0-7-g51783674b7 (webtiles) character file.

Game seed: 11233175841782043828

6167 sircluck the Brawler (level 10, -4/110 HPs)
             Began as a Troll Berserker on May 5, 2023.
             Was the Champion of Trog.
             Slain by a blink frog (12 damage)
             ... in the Dungeon (Sprint IX: "|||||||||||||||||||||||||||||").
             The game lasted 00:01:58 (477 turns).

sircluck the Brawler (Troll Berserker)               Turns: 477, Time: 00:01:59

Health: -4/110     AC:  5    Str: 31    XL:     10   Next: 60%
Magic:  9/9        EV: 14    Int:  6    God:    Trog [******]
Gold:   4          SH:  0    Dex: 12    Spells: 9/9 levels left

rFire   . .          .
                       - Unarmed
rCold   . . .        (no shield)
rNeg    . . .        a - +0 animal skin
rPois   .            (helmet restricted)
rElec   .            j - +0 cloak
rCorr   .            (gloves unavailable)
SInv    .            (boots unavailable)
Will    .....        (no amulet)
Stlth   +            l - +3 ring of intelligence
HPRegen 1.18/turn    k - +3 ring of dexterity
MPRegen 0.11/turn

%: no teleportation
@: lethally poisoned (-4 -> -5)
A: large, unfitting armour, claws 3, regeneration 1, shaggy fur 1, tough skin 1
a: Renounce Religion, Berserk, Trog's Hand, Brothers in Arms


You were in the Dungeon.
You worshipped Trog.
Trog was exalted by your worship.
You visited 1 branch You collected 4 gold pieces.

Inventory:

Hand Weapons
 r - the +12 long sword of Fallacy {flame, rC+ rN+ Dex+4}
   (Trog gifted it to you in the Dungeon)

   Dex:       It affects your dexterity (+4).
   rC:        It protects you from cold.
   rN:        It protects you from negative energy.
Armour
 a - a +0 animal skin (worn)
 j - a +0 cloak (worn)
Jewellery
 k - a +3 ring of dexterity (right claw)
 l - a +3 ring of intelligence (left claw)
Wands
 i - a wand of quicksilver (10)
 m - a wand of digging (2)
Scrolls
 g - 2 scrolls of blinking
 n - a scroll of fog
 o - a scroll of identify
 p - 4 scrolls of enchant armour
 q - 4 scrolls of enchant weapon
Potions
 b - 6 potions of curing
 c - a potion of invisibility
 d - 3 potions of haste
 e - 4 potions of magic
 f - a potion of berserk rage
 h - 3 potions of heal wounds


   Skills:
 + Level 9.8 Fighting
 + Level 1.1 Long Blades
 + Level 11.8 Dodging
 + Level 0.3 Stealth
 + Level 18.5 Unarmed Combat


You had 9 spell levels left.
You didn't know any spells.
Your spell library was empty.

Dungeon Overview and Level Annotations

Branches:
Dungeon (1/1)

Altars:
Cheibriados
Dithmenos
Elyvilon
Fedhas
Gozag
Hepliaklqana
Kikubaaqudgha
Makhleb
Nemelex Xobeh
Okawaru
Qazlal
Ru
Sif Muna
Trog
Uskayaw
Vehumet
Wu Jian
Xom
Yredelemnul
Zin
The Shining One
Jiyva
Lugonu


Innate Abilities, Weirdness & Mutations

You are too large for most types of armour.
You have claws for hands.
Your natural rate of healing is unusually fast.
You are covered in fur. (AC +1)
You have tough skin. (AC +1)


Message History

The black mamba bites you!
* * * LOW HITPOINT WARNING * * *
You are poisoned.
The black mamba poisons you!
You barely miss the black mamba. Your claw misses the black mamba.
The black mamba is almost dead.
* * * LOW HITPOINT WARNING * * *
You feel very sick. The black mamba closely misses you. x2
You mangle the black mamba!!
You kill the black mamba!
Trog accepts your kill.
* * * LOW HITPOINT WARNING * * *
You feel very sick.
You feel much better.
You feel very sick. The komodo dragon bites you.
* * * LOW HITPOINT WARNING * * *
You scratch the komodo dragon.
The komodo dragon is lightly wounded.
You feel sick.
You eviscerate the komodo dragon!!!
You kill the komodo dragon!
Trog accepts your kill.
You feel sick.
You feel sick.
There is an open door, spattered with blood here.
Things that are here:
a +0 antimagic falchion; a komodo dragon corpse You feel sick.
The blink frog hits you!
* * * LOW HITPOINT WARNING * * *
The blink frog blinks!
You feel sick.
You scratch the blink frog.
The blink frog is severely wounded.
You feel sick. The blink frog barely misses you.
You closely miss the blink frog.
The blink frog is severely wounded.
The blink frog hits you!
You die...

▓†▓.▓_▓
▓.▓.▓_▓
▓†▓.▓_▓
▓.▓.▓_▓
▓.▓.▓_▓
▓.▓.▓_▓
▓.▓.▓_▓
▓F▓.▓_▓
▓@▓.▓_▓
▓.▓.▓_▓
▓)▓.▓_▓
▓†▓.▓_▓
▓.▓.▓_▓
▓.▓.▓_▓
▓.▓.▓_▓
▓.▓.▓_▓
▓.▓.▓_▓


You could see a blink frog.

Vanquished Creatures
  A two-headed ogre (D)
  A skyshark (D)
  A cyclops (D)
  2 black mambas (D)
  A cane toad (D)
  Psyche (D)
  A rime drake (D)
  3 komodo dragons (D)
  3 yaks (D)
  A wraith (D)
  3 water moccasins (D)
  A black bear (D)
  A wolf (D)
  2 bullfrogs (D)
  A scorpion (D)
  A wight (D)
  A killer bee (D)
  A howler monkey (D)
  A hound (D)
  2 iguanas (D)
  A white imp (D)
  A giant cockroach (D)
  A goblin (D)
  A hobgoblin (D)
  A kobold (D)
  A bat (D)
35 creatures vanquished.

Vanquished Creatures (collateral kills)
  A hydra (D)
  A shadow (D)
  A wraith (D)
  A centaur (D)
  A gnoll sergeant (D)
5 creatures vanquished.

Grand Total: 40 creatures vanquished

Notes
Turn   | Place    | Note
-------+----------+-------------------------------------------
     0 | D        | sircluck the Troll Berserker began the quest for the Orb.
     0 | D        | Reached XP level 1. HP: 22/22 MP: 0/0
    13 | D        | Reached ** piety under Trog
    23 | D        | Noticed an iguana
    23 | D        | Noticed a hound
    23 | D        | Noticed an iguana
    23 | D        | Noticed a scorpion
    29 | D        | Killed an iguana
    30 | D        | Reached skill level 4 in Unarmed Combat
    30 | D        | Reached XP level 2. HP: 32/32 MP: 1/1
    30 | D        | Reached XP level 3. HP: 39/39 MP: 2/2
    33 | D        | Reached *** piety under Trog
    34 | D        | Reached skill level 5 in Unarmed Combat
    41 | D        | Reached skill level 6 in Unarmed Combat
    41 | D        | Reached XP level 4. HP: 34/49 MP: 3/3
    52 | D        | Killed a scorpion
    52 | D        | Reached **** piety under Trog
    53 | D        | Reached skill level 5 in Fighting
    53 | D        | Reached skill level 5 in Dodging
    53 | D        | Reached skill level 7 in Unarmed Combat
    53 | D        | Reached XP level 5. HP: 29/57 MP: 4/4
    58 | D        | Found a snail-covered altar of Cheibriados.
    58 | D        | Found a shadowy altar of Dithmenos.
    58 | D        | Found a white marble altar of Elyvilon.
    58 | D        | Found a blossoming altar of Fedhas.
    58 | D        | Found an opulent altar of Gozag.
    59 | D        | Found a hazy altar of Hepliaklqana.
    60 | D        | Found a viscous altar of Jiyva.
    61 | D        | Found an ancient bone altar of Kikubaaqudgha.
    62 | D        | Found a corrupted altar of Lugonu.
    63 | D        | Found a burning altar of Makhleb.
    64 | D        | Found a sparkling altar of Nemelex Xobeh.
    65 | D        | Found an iron altar of Okawaru.
    66 | D        | Found a stormy altar of Qazlal.
    67 | D        | Found a sacrificial altar of Ru.
    68 | D        | Found a shimmering blue altar of Sif Muna.
    69 | D        | Found a bloodstained altar of Trog.
    70 | D        | Found a hide-covered altar of Uskayaw.
    71 | D        | Found a radiant altar of Vehumet.
    72 | D        | Found an ornate altar of the Wu Jian Council.
    73 | D        | Found a shimmering altar of Xom.
    74 | D        | Found a basalt altar of Yredelemnul.
    75 | D        | Found a glowing silver altar of Zin.
    76 | D        | Found a glowing golden altar of the Shining One.
   110 | D        | Noticed a yak
   110 | D        | Noticed a wraith
   110 | D        | Noticed a two-headed ogre
   120 | D        | Killed a yak
   121 | D        | Reached skill level 9 in Unarmed Combat
   121 | D        | Reached XP level 6. HP: 50/68 MP: 5/5
   128 | D        | Killed a wraith
   129 | D        | Reached skill level 10 in Unarmed Combat
   133 | D        | Killed a two-headed ogre
   134 | D        | Reached skill level 12 in Unarmed Combat
   134 | D        | Reached XP level 7. HP: 50/79 MP: 6/6
   134 | D        | Reached XP level 8. HP: 56/88 MP: 7/7
   136 | D        | Reached ***** piety under Trog
   144 | D        | Noticed a cyclops
   144 | D        | Noticed a seven-headed hydra
   150 | D        | Killed a cyclops
   151 | D        | Reached skill level 13 in Unarmed Combat
   155 | D        | Killed a seven-headed hydra
   156 | D        | Reached skill level 10 in Dodging
   156 | D        | Reached skill level 14 in Unarmed Combat
   156 | D        | Reached XP level 9. HP: 26/97 MP: 8/8
   161 | D        | Reached skill level 15 in Unarmed Combat
   227 | D        | Noticed Psyche
   233 | D        | Killed Psyche
   327 | D        | Noticed a komodo dragon
   334 | D        | Killed a komodo dragon
   337 | D        | Noticed a cane toad
   341 | D        | Identified the +12 long sword of Fallacy {flame, rC+ rN+
                  | Dex+4} (Trog gifted it to you in the Dungeon)
   341 | D        | Received a gift from Trog
   345 | D        | Reached skill level 16 in Unarmed Combat
   352 | D        | Killed a cane toad
   356 | D        | Reached XP level 10. HP: 26/107 MP: 9/9
   443 | D        | Noticed a skyshark
   444 | D        | Noticed a black mamba
   445 | D        | Noticed a black mamba
   447 | D        | Reached ****** piety under Trog
   448 | D        | Reached skill level 17 in Unarmed Combat
   453 | D        | Received a gift from Trog
   457 | D        | Killed a skyshark
   465 | D        | Killed a black mamba
   466 | D        | Reached skill level 1 in Long Blades
   466 | D        | Reached skill level 18 in Unarmed Combat
   469 | D        | Killed a black mamba
   477 | D        | Slain by a blink frog

Illustrated notes

Levels and vault maps discovered:
D:        linesprint [early_d, line_temple, items_1, d_10, items_2, lair_1,
          lair_end, items_3, orc_1, orc_end, items_4, d_15, swamp_1, shoals_1,
          snake_1, spider_1, d_20, vaults_1, items_5, swamp_end, shoals_end,
          snake_end, spider_end, vaults_end, d_27, items_6, zot_1, zot_end,
          crypt_end, forest_end, elf_end, slime_end, tomb_end, abyss_end,
          pan_hell_end]

Skill      XL: |  1  2  3  4  5  6  7  8  9 10 |
---------------+-------------------------------+-----
Dodging        | 3 4 5 6 8 10 11 | 11.8
Fighting       | 3 4 5 6 7 8 9 |  9.8
Unarmed Combat | 4 6 7 9 12 14 16 18 | 18.5
Long Blades    | 1 |  1.1
Stealth        | |  0.3

Action                     |  1- 3 |  4- 6 |  7- 9 | 10-12 || total
---------------------------+-------+-------+-------+-------++-------
  Melee: Unarmed           |    29 |    32 |    38 |    24 ||   123
         Punch             |     1 |     6 |     4 |     1 ||    12
         Long sword        |       |       |       |     3 ||     3
 Invoke: Brothers in Arms  |       |       |     1 |       ||     1
    Use: Potion            |     1 |       |       |     1 ||     2
 Armour: Animal skin       |     8 |     3 |     6 |     2 ||    19
  Dodge: Dodged            |    11 |    16 |    16 |    22 ||    65

Table legend: (Time is in decaauts)
 A = Elapsed time spent in this place.
 B = Non-inter-level travel time spent in this place.
 C = Inter-level travel time spent in this place.
 D = Time resting spent in this place.
 E = Time spent auto-exploring this place.
 F = Levels seen in this place.
 G = Mean time per level.
                   A        B        C        D        E       F      G
               +--------+--------+--------+--------+--------+-----+--------+
         Total |    450 |    450 |      0 |     48 |     84 |   1 |  450.0 |
       Dungeon |    450 |    450 |      0 |     48 |     84 |   1 |  450.0 |
               +--------+--------+--------+--------+--------+-----+--------+

Top non-repeatable levels by time:
       D: 450 daAuts
